ORI
UNIVERSITY OF MINNESOTA GOLDEN GOPHERS @ MISSISSIPPI STATE UNIVERSITY BULLDOGS
09/20/2048
 
TOP OF THE 1ST
University of Minnesota Golden Gophers batting - Pitching for Mississippi State University Bulldogs : RHP Antonio Ramirez
Pitching: RHP Antonio Ramirez
Batting: RHB Tatsuyoshi Ikeda 0-0: Ball
1-0: Called Strike
1-1: Ball
2-1: Ball
3-1: SINGLE (Groundball, 15S, EV 66.2 MPH) (infield hit)
Batting: LHB Alex Villa 0-0: Called Strike
0-1: Called Strike
Tatsuyoshi Ikeda is caught stealing 2nd base 2-6
0-2: Ball
1-2: Strikes out swinging
Batting: LHB Dick Shafer 0-0: Ball
1-0: Ball
2-0: Called Strike
2-1: Foul Ball, location: 2F
2-2: Ball
3-2: Fly out, F8 (Flyball, 8LM, EV 82.5 MPH)
Top of the 1st over - 0 runs, 1 hit, 0 errors, 0 left on base; University of Minnesota 0 - Mississippi State University 0
BOTTOM OF THE 1ST
Mississippi State University Bulldogs batting - Pitching for University of Minnesota Golden Gophers : LHP Alexis Varela
Pitching: LHP Alexis Varela
Batting: RHB Freddie Kite 0-0: Ball
1-0: Foul Ball, location: 2F
1-1: Ball
2-1: Ball
3-1: DOUBLE (Flyball, 8RD, EV 98.8 MPH)
Batting: RHB Josh Stene 0-0: Ball
1-0: Called Strike
1-1: Ball
2-1: Swinging Strike
2-2: Strikes out looking
Batting: RHB Benito Gonzales 0-0: Called Strike
0-1: Called Strike
0-2: Foul Ball, location: 2F
0-2: Strikes out swinging
Batting: LHB Danny Shanahan 0-0: Called Strike
0-1: Ball
1-1: Ball
2-1: Called Strike
2-2: Ball
3-2: Strikes out swinging
Bottom of the 1st over - 0 runs, 1 hit, 0 errors, 1 left on base; University of Minnesota 0 - Mississippi State University 0
TOP OF THE 2ND
University of Minnesota Golden Gophers batting - Pitching for Mississippi State University Bulldogs : RHP Antonio Ramirez
Batting: RHB Ozzie Buendia 0-0: Fly out, F8 (Line Drive, 8LM, EV 88.1 MPH)
Batting: LHB Jose Moncada 0-0: Called Strike
0-1: Ball
1-1: Called Strike
1-2: Ball
2-2: Strikes out swinging
Batting: LHB Bobby Agterberg 0-0: Ball
1-0: Called Strike
1-1: Foul Ball, location: 2F
1-2: Foul Ball, location: 2F
1-2: Strikes out swinging
Top of the 2nd over - 0 runs, 0 hits, 0 errors, 0 left on base; University of Minnesota 0 - Mississippi State University 0
BOTTOM OF THE 2ND
Mississippi State University Bulldogs batting - Pitching for University of Minnesota Golden Gophers : LHP Alexis Varela
Batting: RHB Josh Simmons 0-0: Ball
1-0: Ball
2-0: Swinging Strike
2-1: Swinging Strike
2-2: Strikes out swinging
Batting: RHB Alvin Abarca 0-0: Called Strike
0-1: Ball
1-1: Called Strike
1-2: Ball
2-2: Strikes out looking
Batting: LHB Vinnie Kalman 0-0: Called Strike
0-1: Foul Ball, location: 2F
0-2: Ball
1-2: Ball
2-2: Strikes out swinging
Bottom of the 2nd over - 0 runs, 0 hits, 0 errors, 0 left on base; University of Minnesota 0 - Mississippi State University 0
TOP OF THE 3RD
University of Minnesota Golden Gophers batting - Pitching for Mississippi State University Bulldogs : RHP Antonio Ramirez
Batting: LHB Ivan Villegas 0-0: Called Strike
0-1: Ball
1-1: Foul Ball, location: 2F
1-2: Strikes out swinging
Batting: RHB Scott Rose 0-0: Called Strike
0-1: Ground out 4-3 (Groundball, 4, EV 108.1 MPH)
Now at 2B: Alexis Gallegos
Batting: RHB Josh Gifford 0-0: Ball
1-0: Ball
2-0: Foul Ball, location: 2F
2-1: Foul Ball, location: 2F
2-2: Foul Ball, location: 2F
2-2: Foul Ball, location: 2F
2-2: Ball
3-2: Base on Balls
Batting: RHB Tatsuyoshi Ikeda 0-0: Foul Ball, location: 2F
0-1: SINGLE (Groundball, 56S, EV 73.8 MPH) (infield hit)
Josh Gifford to second
Batting: LHB Alex Villa 0-0: Ball
1-0: Ball
2-0: Ground out U3 (Groundball, 34, EV 82.5 MPH)
Top of the 3rd over - 0 runs, 1 hit, 0 errors, 2 left on base; University of Minnesota 0 - Mississippi State University 0
BOTTOM OF THE 3RD
Mississippi State University Bulldogs batting - Pitching for University of Minnesota Golden Gophers : LHP Alexis Varela
Batting: RHB Alexis Gallegos 0-0: Ball
1-0: Ball
2-0: Ground out 4-3 (Groundball, 4, EV 82.5 MPH)
Batting: RHB Karl Lukasiewicz 0-0: Reached on error, E6 (Groundball, 4M, EV 105.0 MPH)
Batting: RHB Freddie Kite 0-0: Ball
1-0: Swinging Strike
1-1: Swinging Strike
1-2: Strikes out looking
Batting: RHB Josh Stene 0-0: Foul Ball, location: 2F
0-1: Fly out, F8 (Flyball, 8LM, EV 93.1 MPH)
Bottom of the 3rd over - 0 runs, 0 hits, 1 error, 1 left on base; University of Minnesota 0 - Mississippi State University 0
TOP OF THE 4TH
University of Minnesota Golden Gophers batting - Pitching for Mississippi State University Bulldogs : RHP Antonio Ramirez
Batting: LHB Dick Shafer 0-0: Ball
1-0: Foul Ball, location: 2F
1-1: Foul Ball, location: 2F
1-2: DOUBLE (Line Drive, 7LM, EV 99.4 MPH)
Batting: RHB Ozzie Buendia 0-0: Ball
1-0: Ball
2-0: Ball
3-0: Called Strike
3-1: Foul Ball, location: 2F
3-2: Strikes out swinging
Batting: LHB Jose Moncada 0-0: Ball
1-0: Ball
2-0: Ball
3-0: Called Strike
3-1: Foul Ball, location: 2F
3-2: Strikes out swinging
Batting: LHB Bobby Agterberg 0-0: Ball
1-0: Called Strike
1-1: Foul Ball, location: 2F
1-2: Foul Ball, location: 2F
1-2: SINGLE (Groundball, 6, EV 93.8 MPH)
Dick Shafer to third
Runner from 3rd tries for Home, SAFE, throw by CF to home
Batting: LHB Ivan Villegas 0-0: Foul Ball, location: 2F
0-1: Ball
1-1: Foul Ball, location: 2F
1-2: Strikes out swinging
Top of the 4th over - 1 run, 2 hits, 0 errors, 1 left on base; University of Minnesota 1 - Mississippi State University 0
BOTTOM OF THE 4TH
Mississippi State University Bulldogs batting - Pitching for University of Minnesota Golden Gophers : LHP Alexis Varela
Batting: RHB Benito Gonzales 0-0: Called Strike
0-1: Called Strike
0-2: Foul Ball, location: 2F
0-2: SINGLE (Groundball, 5S, EV 68.1 MPH) (infield hit)
Batting: LHB Danny Shanahan 0-0: Fielders Choice at 2nd, 4-6 (Groundball, 4, EV 98.8 MPH)
Batting: RHB Josh Simmons Balk!
Danny Shanahan to second
0-0: Called Strike
Danny Shanahan steals 3rd base
0-1: Ball
1-1: Swinging Strike
1-2: Fly out, F9 (Flyball, 9D, EV 102.5 MPH)
Runner from 3rd tags up, SCORES, no throw by RF
Batting: RHB Alvin Abarca 0-0: Foul Ball, location: 2F
0-1: Foul Ball, location: 2F
0-2: Strikes out looking
Bottom of the 4th over - 1 run, 1 hit, 0 errors, 0 left on base; University of Minnesota 1 - Mississippi State University 1
TOP OF THE 5TH
University of Minnesota Golden Gophers batting - Pitching for Mississippi State University Bulldogs : RHP Antonio Ramirez
Batting: RHB Scott Rose 0-0: Ball
1-0: Swinging Strike
1-1: Foul Ball, location: 2F
1-2: Ball
2-2: Foul Ball, location: 2F
2-2: Ball
3-2: Base on Balls
Pitching: RHP Rich Martinez
Batting: RHB Josh Gifford 0-0: Foul Ball, location: 2F
0-1: Ball
1-1: Swinging Strike
1-2: Foul Ball, location: 2F
1-2: Strikes out swinging
Batting: RHB Tatsuyoshi Ikeda 0-0: Ball
1-0: Fly out, F9 (Flyball, 9, EV 85.6 MPH)
Batting: LHB Alex Villa 0-0: Called Strike
0-1: Fly out, F8 (Flyball, 8LD, EV 95.0 MPH)
Top of the 5th over - 0 runs, 0 hits, 0 errors, 1 left on base; University of Minnesota 1 - Mississippi State University 1
BOTTOM OF THE 5TH
Mississippi State University Bulldogs batting - Pitching for University of Minnesota Golden Gophers : LHP Alexis Varela
Batting: LHB Vinnie Kalman 0-0: Swinging Strike
0-1: Foul Ball, location: 2F
0-2: Fly out, F7 (Flyball, 7, EV 88.1 MPH)
Batting: RHB Alexis Gallegos 0-0: Called Strike
0-1: Foul Ball, location: 2F
0-2: Ball
1-2: Foul Ball, location: 2F
1-2: Ball
2-2: SINGLE (Groundball, 6MD, EV 99.4 MPH)
Batting: RHB Karl Lukasiewicz 0-0: Ball
1-0: Ball
Alexis Gallegos is caught stealing 2nd base 2-4
2-0: Ground out 3-1 (Groundball, 34S, EV 70.6 MPH)
Bottom of the 5th over - 0 runs, 1 hit, 0 errors, 0 left on base; University of Minnesota 1 - Mississippi State University 1
TOP OF THE 6TH
University of Minnesota Golden Gophers batting - Pitching for Mississippi State University Bulldogs : RHP Rich Martinez
Batting: LHB Dick Shafer 0-0: Foul Ball, location: 2F
0-1: Ball
1-1: Fly out, F8 (Flyball, 8LXD, EV 101.9 MPH)
Batting: RHB Ozzie Buendia 0-0: Ball
1-0: Ball
2-0: Foul Ball, location: 2F
2-1: Swinging Strike
2-2: Foul Ball, location: 2F
2-2: Strikes out looking
Batting: LHB Jose Moncada 0-0: Fly out, F7 (Flyball, 7D, EV 96.2 MPH)
Top of the 6th over - 0 runs, 0 hits, 0 errors, 0 left on base; University of Minnesota 1 - Mississippi State University 1
BOTTOM OF THE 6TH
Mississippi State University Bulldogs batting - Pitching for University of Minnesota Golden Gophers : LHP Alexis Varela
Batting: RHB Freddie Kite 0-0: Called Strike
0-1: Ball
1-1: Called Strike
1-2: Hit by Pitch
Batting: RHB Josh Stene 0-0: Ball
1-0: Ball
2-0: Swinging Strike
2-1: Fly out, F7 (Flyball, 78XD, EV 88.8 MPH)
Batting: RHB Benito Gonzales 0-0: Called Strike
Freddie Kite is caught stealing 2nd base 2-4
0-1: Ball
1-1: Swinging Strike
1-2: Ball
2-2: Strikes out swinging
Bottom of the 6th over - 0 runs, 0 hits, 0 errors, 0 left on base; University of Minnesota 1 - Mississippi State University 1
TOP OF THE 7TH
University of Minnesota Golden Gophers batting - Pitching for Mississippi State University Bulldogs : RHP Rich Martinez
Pitching: LHP Terry Sanders
Batting: LHB Bobby Agterberg 0-0: Foul Ball, location: 2F
0-1: Swinging Strike
0-2: Ball
1-2: Foul Ball, location: 2F
1-2: Strikes out looking
Batting: LHB Ivan Villegas 0-0: Ball
1-0: Ball
2-0: Foul Ball, location: 2F
2-1: Ball
3-1: Fly out, F7 (Flyball, 7S, EV 96.2 MPH)
Batting: RHB Scott Rose 0-0: Foul Ball, location: 2F
0-1: Ground out U3 (Groundball, 34S, EV 85.0 MPH)
Top of the 7th over - 0 runs, 0 hits, 0 errors, 0 left on base; University of Minnesota 1 - Mississippi State University 1
BOTTOM OF THE 7TH
Mississippi State University Bulldogs batting - Pitching for University of Minnesota Golden Gophers : LHP Alexis Varela
Pitching: RHP Bobby Rodriguez
Batting: LHB Danny Shanahan 0-0: Ground out 4-3 (Groundball, 4, EV 85.0 MPH)
Batting: RHB Josh Simmons 0-0: Ball
1-0: Ball
2-0: Called Strike
2-1: Ground out U3 (Groundball, 3, EV 83.1 MPH)
Batting: RHB Alvin Abarca 0-0: Ball
1-0: Called Strike
1-1: Foul Ball, location: 2F
1-2: Strikes out swinging
Bottom of the 7th over - 0 runs, 0 hits, 0 errors, 0 left on base; University of Minnesota 1 - Mississippi State University 1
TOP OF THE 8TH
University of Minnesota Golden Gophers batting - Pitching for Mississippi State University Bulldogs : LHP Terry Sanders
Batting: RHB Josh Gifford 0-0: Called Strike
0-1: Ball
1-1: Swinging Strike
1-2: Strikes out looking
Batting: RHB Tatsuyoshi Ikeda 0-0: Ball
1-0: Called Strike
1-1: Ball
2-1: Ball
3-1: Called Strike
3-2: Strikes out swinging
Batting: LHB Alex Villa 0-0: Ball
1-0: Ground out 6-3 (Groundball, 6S, EV 67.5 MPH)
Top of the 8th over - 0 runs, 0 hits, 0 errors, 0 left on base; University of Minnesota 1 - Mississippi State University 1
BOTTOM OF THE 8TH
Mississippi State University Bulldogs batting - Pitching for University of Minnesota Golden Gophers : RHP Bobby Rodriguez
Pitching: LHP Ryan Hancock
Batting: LHB Vinnie Kalman 0-0: Ball
1-0: Called Strike
1-1: Ball
2-1: Ball
3-1: Foul Ball, location: 2F
3-2: SINGLE (Groundball, 34D, EV 101.9 MPH)
Batting: RHB Alexis Gallegos 0-0: Called Strike
Vinnie Kalman steals 2nd, throwing error, E2
Vinnie Kalman to third
0-1: Ball
Wild Pitch!
Vinnie Kalman scores
1-1: Swinging Strike
1-2: Strikes out swinging
Batting: RHB Karl Lukasiewicz 0-0: SINGLE (Groundball, 6D, EV 97.5 MPH)
Batting: RHB Freddie Kite 0-0: Called Strike
0-1: Foul Ball, location: 2F
0-2: Strikes out swinging
Batting: RHB Josh Stene 0-0: Ball
1-0: Ball
2-0: Ball
3-0: Called Strike
3-1: Called Strike
3-2: Foul Ball, location: 2F
3-2: Strikes out swinging
Bottom of the 8th over - 1 run, 2 hits, 1 error, 1 left on base; University of Minnesota 1 - Mississippi State University 2
TOP OF THE 9TH
University of Minnesota Golden Gophers batting - Pitching for Mississippi State University Bulldogs : LHP Terry Sanders
Now at 1B: Logan Strassburg
Batting: LHB Dick Shafer 0-0: Ground out 4-3 (Groundball, 34D, EV 89.4 MPH)
Batting: RHB Ozzie Buendia 0-0: Called Strike
0-1: Ball
1-1: Ball
2-1: Called Strike
2-2: Strikes out swinging
Batting: LHB Jose Moncada 0-0: Ball
1-0: Foul Ball, location: 2F
1-1: Swinging Strike
1-2: Strikes out swinging
Top of the 9th over - 0 runs, 0 hits, 0 errors, 0 left on base; University of Minnesota 1 - Mississippi State University 2
Tuesday, March 28th , 2023 - OOTP Baseball 23.10 Build 110